 Dungeon Crawl Stone Soup version 0.28-a0-1594-ga885d4b3d6 (webtiles) character file.

Game seed: 2020637094601399553

228 esteth the Conjurer (level 5, 0/30 HPs)
             Began as a Deep Elf Conjurer on Jan 20, 2022.
             Slain by a gnoll (5 damage)
             ... on level 3 of the Dungeon.
             The game lasted 00:05:55 (2744 turns).

esteth the Conjurer (Deep Elf Conjurer)             Turns: 2744, Time: 00:05:55

Health: 0/30       AC:  2    Str:  7 (10) XL:     5   Next: 71%
Magic:  15/15      EV: 12    Int: 25      God:
Gold:   104        SH:  0    Dex: 10 (13) Spells: 4/15 levels left

rFire   + . .      SeeInvis .   m - +1 hand axe of Five {vorpal, rF+ rN+ Str+6}
rCold   . . .      Faith    .   (no shield)
rNeg    + . .      Spirit   .   a - +0 robe
rPois   .          Reflect  .   (no helmet)
rElec   .          Harm     .   (no cloak)
rCorr   .          Rampage  .   (no gloves)
Will    .....                   (no boots)
Stlth   ++........              (no amulet)
HPRegen 0.10/turn               f - ring of wizardry
MPRegen 0.14/turn               (no ring)

@: lethally poisoned (0 -> -6), studying Fighting
A: no striking features
a: no special abilities


You were on level 3 of the Dungeon.
You visited 1 branch of the dungeon, and saw 3 of its levels.
You also visited: Sewer.

You collected 104 gold pieces.

Inventory:

Hand Weapons
 d - a +0 spear
 m - the +1 hand axe of Five (weapon) {vorpal, rF+ rN+ Str+6}
   (You found it on level 2 of the Dungeon)

   It inflicts extra damage upon your enemies.
   Str:       It affects your strength (+6).
   rF:        It protects you from fire.
   rN:        It protects you from negative energy.
Armour
 a - a +0 robe (worn)
Magical Staves
 h - a staff of poison
Jewellery
 f - a ring of wizardry (left hand)
Scrolls
 b - a scroll of enchant weapon {unknown}
 c - a scroll of fear {unknown}
 g - a scroll of fog {unknown}
 i - a scroll of enchant armour {unknown}
 n - a scroll of holy word {unknown}
Potions
 e - 3 potions of flight
 j - 2 potions of heal wounds
 l - a potion of magic {unknown}


   Skills:
 - Level 2.0 Fighting
 - Level 2.4 Dodging
 - Level 2.4 Stealth
 + Level 5.8 Spellcasting
 + Level 6.1 Conjurations


You had 4 spell levels left.
You knew the following spells:

 Your Spells              Type           Power      Damage    Failure   Level
a - Magic Dart            Conj           100%       1d8       1%          1
b - Searing Ray           Conj           74%        2d7       1%          2
c - Fulminant Prism       Conj/Hex       11%        3d9       9%          4
d - Iskenderun's Mystic   Conj/Tloc      22%        2d6       9%          4

Your spell library contained the following spells:

 Spells                   Type           Power      Damage    Failure   Level
 Dazzling Flash           Conj/Hex       44%        N/A       2%          3


Dungeon Overview and Level Annotations

Branches:
Dungeon (3/15)              Sewer (visited)

Altars:


Message History

The gnoll misses you. The gnoll closely misses you.
An adder comes into view.
The adder hisses angrily.
The gnoll hits you from afar with a +0 halberd!
There is a stone staircase leading up here.
The rat bites you.
You climb upwards.
There is a stone staircase leading down here.
Casting: Searing Ray (safe; 1% risk of failure)
Confirm with . or Enter, or press ? or * to list all spells.
Aiming: Magic Dart (safe; 1% risk of failure)
Press: ? - help, Shift-Dir - straight line, f - rat
Aim: a rat (100% to hit)
The magic dart hits the rat.
The rat is severely wounded.
The rat barely misses you.
Casting: Magic Dart (safe; 1% risk of failure)
Confirm with . or Enter, or press ? or * to list all spells.
Aiming: Magic Dart (safe; 1% risk of failure)
Press: ? - help, Shift-Dir - straight line, f/p - rat
Aim: a rat (severely wounded, 100% to hit)
The magic dart hits the rat.
You kill the rat!
You start resting.
Magic restored.
You start resting.
HP restored.
You climb downwards.
The adder bites you.
You are poisoned.
The adder poisons you!
The gnoll hits you from afar with a +0 halberd.
The gnoll hits you with a +0 whip. The adder barely misses you.
The gnoll closely misses you. The gnoll hits you with a +0 whip.
There is a stone staircase leading up, spattered with blood here.
You feel sick. The adder bites you.
* * * LOW HITPOINT WARNING * * *
The gnoll hits you with a +0 whip.
* * * LOW HITPOINT WARNING * * *
The gnoll hits you from afar with a +0 halberd.
You die...

.####....#####..#####.#≈≈≈
###............##.####
#............(......
###..........##.####
#..........###
#...÷.....)# #.g........#
#S÷........# #@g........#
##########


You could see 2 gnolls and an adder.

Vanquished Creatures
  A kobold brigand (Sewer)
  5 gnolls
  2 river rats (Sewer)
  3 adders
  A dart slug (D:1)
  7 bats
  6 endoplasms
  7 giant cockroaches
  3 goblins (D:1)
  A hobgoblin (D:3)
  5 jackals
  11 kobolds
  A quokka (D:1)
  4 ball pythons
  3 frilled lizards
  8 rats
68 creatures vanquished.

Notes
Turn   | Place    | Note
-------+----------+-------------------------------------------
     0 | D:1      | esteth the Deep Elf Conjurer began the quest for the Orb.
     0 | D:1      | Reached XP level 1. HP: 10/10 MP: 6/6
   344 | D:1      | Reached XP level 2. HP: 16/16 MP: 1/8
   531 | D:1      | Reached skill level 1 in Fighting
  1128 | D:2      | Learned a level 2 spell: Searing Ray
  1176 | D:2      | Reached XP level 3. HP: 17/20 MP: 5/10
  1378 | D:2      | Reached skill level 5 in Conjurations
  1447 | D:2      | Identified the +1 hand axe of Five {vorpal, rF+ rN+ Str+6}
  1787 | D:2      | Reached XP level 4. HP: 26/26 MP: 4/12
  2142 | D:3      | Found a glowing drain.
  2170 | Sewer    | Entered a sewer
  2181 | Sewer    | Reached skill level 5 in Spellcasting
  2195 | Sewer    | Reached XP level 5. HP: 30/30 MP: 1/14
  2211 | Sewer    | Learned a level 4 spell: Fulminant Prism
  2216 | Sewer    | Learned a level 4 spell: Iskenderun's Mystic Blast
  2340 | Sewer    | Reached skill level 6 in Conjurations
  2534 | Sewer    | Found a white marble altar of Elyvilon.
  2744 | D:3      | Slain by a gnoll

Illustrated notes

Levels and vault maps discovered:
D:1:      kennysheep_arrival_forest, layout_basic
D:2:      layout_loops_ring
D:3:      gammafunk_wand_slinger, layout_rooms, lemuel_tele_altar,
          mainiacjoe_overflow_catch_the_wave, gup_sewer_entry_glass,
          uniq_grinder

Skill      XL: |  1  2  3  4  5 |
---------------+----------------+-----
Fighting       | 1 2 |  2.0
Spellcasting   | 4 5 |  5.8
Conjurations   | 5 6 |  6.1
Dodging        | |  2.4
Stealth        | |  2.4

Action                   |  1- 3 |  4- 6 || total
-------------------------+-------+-------++-------
Melee: Hand axe          |       |     2 ||     2
 Cast: Magic Dart        |    67 |    41 ||   108
       Searing Ray       |     4 |     9 ||    13
  Use: Potion            |       |     3 ||     3
Armor: Robe              |       |     4 ||     4
Dodge: Dodged            |     7 |    13 ||    20

Table legend: (Time is in decaauts)
 A = Elapsed time spent in this place.
 B = Non-inter-level travel time spent in this place.
 C = Inter-level travel time spent in this place.
 D = Time resting spent in this place.
 E = Time spent auto-exploring this place.
 F = Levels seen in this place.
 G = Mean time per level.
                   A        B        C        D        E       F      G
               +--------+--------+--------+--------+--------+-----+--------+
         Total |   2780 |   2742 |     38 |    749 |   1633 |   4 |  695.0 |
       Dungeon |   2339 |   2301 |     38 |    624 |   1412 |   3 |  779.7 |
         Sewer |    441 |    441 |      0 |    125 |    220 |   1 |  441.0 |
               +--------+--------+--------+--------+--------+-----+--------+

Top non-repeatable levels by time:
     D:1: 1123 daAuts
     D:2: 1062 daAuts
   Sewer: 441 daAuts
     D:3: 153 daAuts
